 Dungeon Sprint DCSS version bcrawl-1.27.3 (webtiles) character file.

Game seed: 11968185567287550825

1901773 DieBirke the Protected (level 10, -17/70 HPs)
             Began as a Gargoyle Fighter on Aug 8, 2020.
             Was the Champion of Makhleb.
             Demolished by a dire elephant (18 damage)
             ... in the Dungeon (Sprint IX: "|||||||||||||||||||||||||||||").
             The game lasted 00:02:29 (626 turns).

DieBirke the Protected (Gargoyle Fighter)            Turns: 626, Time: 00:02:30

Health: -17/70     AC: 23    Str: 23    XL:     10   Next: 83%
Magic:  10/10      EV: 10    Int:  9    God:    Makhleb [******]
Gold:   0          SH: 13    Dex: 12    Spells: 9/9 levels left

rFire    . . .     SeeInvis .   o - +2 morningstar (crush)
rCold    . . .     Gourm    .   c - +0 medium shield
rNeg     + . .     Faith    .   r - +1 chain mail
rPois    ∞         Spirit   .   p - +0 helmet
rElec    +         Reflect  .   (no cloak)
rCorr    .         Harm     .   (no gloves)
MR       .....     NoTele   +   (no boots)
Stlth    ..........             (no amulet)
HPRegen  0.21/turn              t - +3 ring of dexterity
MPRegen  0.12/turn              s - +2 ring of evasion

@: no status effects
A: negative energy resistance 1, electricity resistance, unbreathing,
petrification resistance, rot immunity, AC +7
a: Minor Destruction, Lesser Servant of Makhleb, Major Destruction, Greater
Servant of Makhleb, Renounce Religion


You were in the Dungeon.
You worshipped Makhleb.
Makhleb was exalted by your worship.
You were not hungry.

You visited 1 branch

Inventory:

Hand Weapons
 a - a +0 flail
 o - a +2 morningstar of crushing (weapon)
Armour
 c - a +0 medium shield (worn)
 p - a +0 helmet (worn)
 r - a +1 chain mail (worn)
Jewellery
 s - a +2 ring of evasion (right hand)
 t - a +3 ring of dexterity (left hand)
Wands
 n - a wand of acid (8)
Scrolls
 k - 2 scrolls of blinking
 l - 3 scrolls of remove curse
 m - 2 scrolls of amnesia
 v - 2 scrolls of identify
 w - a scroll of fog
 x - 2 scrolls of fear
Potions
 d - a potion of might
 f - 6 potions of curing
 g - 4 potions of heal wounds
 h - a potion of haste
 i - 4 potions of magic
 j - a potion of invisibility
 q - 2 potions of agility
 u - a potion of brilliance
Comestibles
 b - 7 chunks of flesh
 e - a ration {!d}


   Skills:
 + Level 11.2 Fighting
 + Level 14.5 Maces & Flails
 * Level 14.7 Armour
 + Level 3.8 Dodging
 + Level 12.3 Shields


You had 9 spell levels left.
You didn't know any spells.
Your spell library was empty.

Dungeon Overview and Level Annotations

Branches:
Dungeon (1/1)

Altars:
Cheibriados
Dithmenos
Elyvilon
Fedhas
Gozag
Hepliaklqana
Kikubaaqudgha
Lugonu
Makhleb
Nemelex Xobeh
Okawaru
Qazlal
Ru
Sif Muna
Trog
Uskayaw
Vehumet
Wu Jian
Xom
Yredelemnul
Zin
The Shining One
Beogh
Jiyva


Innate Abilities, Weirdness & Mutations

You are resistant to torment.
Your stone body is resilient. (AC +7)
You are immune to poison.
You resist negative energy. (rN+)
You are resistant to electric shocks. (rElec)
You can survive without breathing.
You are immune to petrification.
You are immune to rotting.


Message History

You stumble backwards!
Your shield prevents you from hitting the dire elephant.
The dire elephant is moderately wounded.
The dire elephant tramples you.
* * * LOW HITPOINT WARNING * * *
You stumble backwards!
You hit the dire elephant.
Snnnck.
The dire elephant is moderately wounded.
The dire elephant barely misses you.
The dire elephant trunk-slaps you but does no damage.
You impale the dire elephant!!
The dire elephant is heavily wounded.
You block the dire elephant's attack. The dire elephant trunk-slaps you!
* * * LOW HITPOINT WARNING * * *
You hit the dire elephant.
Snnnck.
The dire elephant is heavily wounded.
You puncture the dire elephant!
The dire elephant is severely wounded.
The dire elephant tramples you!!
You die...

▓.▓.▓.▓
▓Y▓.▓'▓
▓.▓.▓_▓
▓Y▓.▓_▓
▓Y▓.▓_▓
▓Y▓.▓_▓
▓Y▓.▓_▓
▓Y▓.▓_▓
▓@▓.▓_▓
▓÷▓.▓_▓
▓.▓.▓_▓
▓†▓.▓_▓
▓.▓.▓_▓
▓.▓.▓_▓
▓.▓.▓_▓
▓.▓.▓_▓
▓.▓.▓_▓


You could see a dire elephant and 5 elephants.

Vanquished Creatures
  A catoblepas (D)
  A lindwurm (D)
  A deep elf mage (D)
  An orc knight (D)
  An elephant (D)
  A cane toad (D)
  A torpor snail (D)
  3 komodo dragons (D)
  A polar bear (D)
  A blink frog (D)
  A hippogriff (D)
  A wyvern (D)
  4 yaks (D)
  A hungry ghost (D)
  A crocodile (D)
  2 water moccasins (D)
  A porcupine (D)
  A black bear (D)
  A wolf (D)
  A centaur (D)
  An ogre (D)
  A big kobold (D)
  A crimson imp (D)
  A jelly (D)
  2 worker ants (D)
  An adder skeleton (D)
  A leopard gecko (D)
  2 orcs (D)
  A bat skeleton (D)
  A goblin (D)
  A kobold (D)
  2 rats (D)
41 creatures vanquished.

Notes
Turn   | Place    | Note
-------+----------+-------------------------------------------
     0 | D        | DieBirke the Gargoyle Fighter began the quest for the Orb.
     0 | D        | Reached XP level 1. HP: 14/14 MP: 1/1
    70 | D        | Noticed a jelly
    70 | D        | Noticed a centaur
    70 | D        | Noticed a worker ant
    74 | D        | Reached XP level 2. HP: 20/20 MP: 2/2
    78 | D        | Reached skill level 5 in Armour
    78 | D        | Reached XP level 3. HP: 24/24 MP: 3/3
    81 | D        | Killed a centaur
    81 | D        | Reached skill level 5 in Fighting
    81 | D        | Reached skill level 5 in Shields
    81 | D        | Reached XP level 4. HP: 32/32 MP: 4/4
    83 | D        | Reached XP level 5. HP: 36/36 MP: 5/5
    91 | D        | Found a roughly hewn altar of Beogh.
    91 | D        | Found a snail-covered altar of Cheibriados.
    91 | D        | Found a shadowy altar of Dithmenos.
    91 | D        | Found a white marble altar of Elyvilon.
    91 | D        | Found a blossoming altar of Fedhas.
    91 | D        | Found an opulent altar of Gozag.
    92 | D        | Found a hazy altar of Hepliaklqana.
    93 | D        | Found a viscous altar of Jiyva.
    94 | D        | Found an ancient bone altar of Kikubaaqudgha.
    95 | D        | Found a corrupted altar of Lugonu.
    96 | D        | Found a burning altar of Makhleb.
    97 | D        | Found a sparkling altar of Nemelex Xobeh.
    98 | D        | Found an iron altar of Okawaru.
    99 | D        | Found a stormy altar of Qazlal.
   100 | D        | Found a sacrificial altar of Ru.
   101 | D        | Found a shimmering blue altar of Sif Muna.
   102 | D        | Found a bloodstained altar of Trog.
   103 | D        | Found a hide-covered altar of Uskayaw.
   104 | D        | Became a worshipper of Makhleb the Destroyer
   105 | D        | Found a radiant altar of Vehumet.
   106 | D        | Found an ornate altar of the Wu Jian Council.
   107 | D        | Found a shimmering altar of Xom.
   108 | D        | Found a basalt altar of Yredelemnul.
   109 | D        | Found a glowing silver altar of Zin.
   110 | D        | Found a glowing golden altar of the Shining One.
   158 | D        | Noticed an orc knight
   158 | D        | Noticed a big kobold
   158 | D        | Noticed a hippogriff
   158 | D        | Noticed a yak
   166 | D        | Killed a yak
   166 | D        | Reached XP level 6. HP: 37/42 MP: 6/6
   171 | D        | Killed a hippogriff
   171 | D        | Reached skill level 10 in Armour
   171 | D        | Reached skill level 1 in Dodging
   171 | D        | Reached XP level 7. HP: 36/48 MP: 7/7
   173 | D        | Reached * piety under Makhleb
   189 | D        | Killed an orc knight
   189 | D        | Reached XP level 8. HP: 29/54 MP: 8/8
   208 | D        | Reached ** piety under Makhleb
   271 | D        | Noticed a deep elf mage
   276 | D        | Noticed a redback
   276 | D        | Noticed a tarantella
   279 | D        | Killed a deep elf mage
   279 | D        | Reached skill level 10 in Maces & Flails
   285 | D        | Reached *** piety under Makhleb
   290 | D        | Reached XP level 9. HP: 60/60 MP: 9/9
   407 | D        | Noticed a cane toad
   410 | D        | Noticed a torpor snail
   415 | D        | Noticed a polar bear
   416 | D        | Reached **** piety under Makhleb
   431 | D        | Reached skill level 10 in Shields
   439 | D        | Killed a cane toad
   439 | D        | Reached ***** piety under Makhleb
   444 | D        | Killed a torpor snail
   449 | D        | Killed a polar bear
   449 | D        | Reached skill level 10 in Fighting
   501 | D        | Noticed a komodo dragon
   501 | D        | Noticed a komodo dragon
   501 | D        | Noticed a lindwurm
   503 | D        | Noticed a catoblepas
   504 | D        | Reached XP level 10. HP: 68/68 MP: 10/10
   512 | D        | Killed a lindwurm
   520 | D        | Killed a catoblepas
   538 | D        | Reached ****** piety under Makhleb
   603 | D        | Noticed an elephant
   603 | D        | Noticed an elephant
   603 | D        | Noticed a dire elephant
   603 | D        | Noticed an elephant
   603 | D        | Noticed an elephant
   603 | D        | Noticed an elephant
   607 | D        | Noticed an elephant
   611 | D        | Killed an elephant
   624 | D        | HP: 1/70 [dire elephant (9)]
   626 | D        | Demolished by a dire elephant

Skill      XL: |  1  2  3  4  5  6  7  8  9 10 |
---------------+-------------------------------+-----
Fighting       | 4 5 6 7 8 9 10 11 | 11.2
Armour         | 4 5 7 9 10 11 12 13 14 | 14.7
Maces & Flails | 3 4 6 7 9 11 12 14 | 14.5
Shields        | 4 5 6 7 8 9 10 12 | 12.3
Dodging        | 1 2 3 |  3.8

Action                   |  1- 3 |  4- 6 |  7- 9 | 10-12 || total
-------------------------+-------+-------+-------+-------++-------
Melee: Flail             |    29 |     5 |       |       ||    34
       Morningstar       |       |    13 |    94 |    74 ||   181
Evoke: Wand              |       |       |     2 |       ||     2
  Use: Potion            |     1 |       |       |     2 ||     3
  Eat: Chunk             |       |       |     4 |     2 ||     6
Armor: Scale mail        |    10 |     1 |       |       ||    11
       Chain mail        |       |     7 |    49 |    25 ||    81
Dodge: Dodged            |     4 |     8 |    31 |    13 ||    56
Block: Medium shield     |    15 |    12 |    49 |    36 ||   112
